 Dungeon Crawl Stone Soup version 0.17.2-1-ge4368a0 (webtiles) character file.

14 tidbits the Insei (level 2, 6/22 HPs)
             Began as a Demigod Transmuter on Sept 21, 2017.
             Quit the game on level 1 of the Dungeon.
             The game lasted 00:02:14 (295 turns).

tidbits the Insei (Demigod Transmuter)               Turns: 295, Time: 00:02:14

Health: 6/22       AC:  2    Str: 13    XL:     2   Next: 18%
Magic:  7/7        EV: 12    Int: 17    God:
Gold:   28         SH:  0    Dex: 16    Spells: 1 memorised, 3 levels left

rFire  . . .     SeeInvis .     a - +2 short sword (speed)
rCold  . . .     Clarity  .     b - +0 robe
rNeg   . . .     SustAt   +     (no shield)
rPois  .         Gourm    .     (no helmet)
rElec  .         Spirit   .     (no cloak)
rCorr  .         Warding  .     (no gloves)
rMut   .         Stasis   .     (no boots)
MR     .....                    (no amulet)
Stlth  +.........               (no ring)
                                (no ring)

@: not resistant to hostile enchantments, very unstealthy
A: high mp 1, sustain attributes
a: no special abilities


You were on level 1 of the Dungeon.
You were not hungry.

You visited 1 branch of the dungeon, and saw 2 of its levels.

You collected 28 gold pieces.

Inventory:

Hand Weapons
 a - a +2 short sword of speed (weapon)
   (You took it off a kobold on level 1 of the Dungeon)
Missiles
 l - 12 arrows
Armour
 b - a +0 robe (worn)
Scrolls
 e - a scroll of identify {unknown}
 f - a scroll of magic mapping {unknown}
 g - a scroll of teleportation {unknown}
 h - a scroll of remove curse {unknown}
 k - a scroll of fog {unknown}
Potions
 i - a potion of curing {unknown}
 j - a potion of agility {unknown}
Books
 c - a book of Changes

   Spells                             Type                      Level
   a - Beastly Appendage              Transmutation                1
   b - Sticks to Snakes               Transmutation                2
   c - Spider Form                    Transmutation/Poison         3
   d - Ice Form                       Ice/Transmutation            4
   e - Blade Hands                    Transmutation                5
Comestibles
 d - a bread ration


   Skills:
 - Level 0.8 Fighting
 - Level 1.7 Dodging
 + Level 3.0 Unarmed Combat
 + Level 1.9 Spellcasting
 + Level 2.2 Transmutations


You had 3 spell levels left.
You knew the following spells:

 Your Spells              Type           Power        Failure   Level  Hunger
e - Beastly Appendage     Trmt           #.....       10%         1    #......


Dungeon Overview and Level Annotations

Branches:
Dungeon (2/15)


Innate Abilities, Weirdness & Mutations

You have an increased reservoir of magic (+10% MP).
Your attributes are resistant to harm.


Message History

The kobold is almost dead.
The bat hits you but does no damage.
The kobold hits you with a short sword of speed.
* * * LOW HITPOINT WARNING * * *
You barely miss the kobold.
The kobold is almost dead.
The bat closely misses you. The bat hits you but does no damage.
The kobold hits you with a short sword of speed.
* * * LOW HITPOINT WARNING * * *
You hit the kobold.
You kill the kobold!
The bat closely misses you.
You hit the bat.
You kill the bat!
Your Unarmed Combat skill increases to level 3!
You have reached level 2!
You hit the giant newt but do no damage.
You claw the giant newt.
You kill the giant newt!
Things that are here:
a short sword of speed; a stone; a kobold corpse
l - a short sword of speed Your transformation is almost over.
Wield which item (- for none, * to show all)? (? for menu, Esc to quit)
Your hands tingle!
l - a +2 short sword of speed (weapon)
Adjust (i)tems, (s)pells, or (a)bilities?
Adjust which item? (? for menu, Esc to quit)
l - a +2 short sword of speed (weapon)
Adjust to which letter? (? for menu, Esc to quit)
a - a +2 short sword of speed (weapon);
l - 12 arrows
There is a stone staircase leading down here.
Your talons disappear.
Found an escape hatch in the floor.
A bat comes into view.
Casting: Beastly Appendage
Confirm with . or Enter, or press ? or * to list all spells.
You miscast Beastly Appendage.
You are very lightly contaminated with residual magic.
The air around you crackles with energy!
Casting: Beastly Appendage
Confirm with . or Enter, or press ? or * to list all spells.
You grow a pair of large bovine horns.
The helpless bat fails to defend itself.
You hit the bat.
You kill the bat!
Your transformation is almost over.
Magic restored.
Your magical contamination has completely faded away.
Your horns disappear.
Found a ring mail.
A bat comes into view.
A kobold comes into view. It is wielding a dagger.
Casting: Beastly Appendage
Confirm with . or Enter, or press ? or * to list all spells.
You grow a pair of large bovine horns.
The kobold throws a stone.
The stone barely misses you.
The kobold throws a stone.
The stone hits you but does no damage.
You hit the kobold but do no damage. Your headbutt misses the kobold.
You closely miss the kobold. The kobold closely misses you.
You hit the kobold.
You kill the kobold!
A bat comes into view.
The bat barely misses you. The bat hits you but does no damage.
You barely miss the bat. Your headbutt misses the bat. The bat misses you.
You miss the bat. Your punch misses the bat. The bat closely misses you.
The bat closely misses you.
Casting: Beastly Appendage
Confirm with . or Enter, or press ? or * to list all spells.
You don't know that spell.
Your transformation is almost over.
The bat barely misses you.
You hit the bat. You headbutt the bat, but do no damage.
The bat is severely wounded.
The bat hits you.
* * * LOW HITPOINT WARNING * * *
The bat barely misses you.
You miss the bat. You headbutt the bat, but do no damage.
The bat is severely wounded.
The bat barely misses you. x2
The bat completely misses you. The bat barely misses you.
The bat barely misses you. The bat misses you.
The bat hits you but does no damage. The bat hits you but does no damage.
Your horns disappear.
The bat hits you but does no damage. x2
The bat barely misses you. The bat barely misses you.
The bat hits you but does no damage.
You barely miss the bat. The bat hits you but does no damage. The bat hits you.
* * * LOW HITPOINT WARNING * * *
You puncture the bat!
You kill the bat!
The bat hits you but does no damage.
You hit the bat but do no damage. The bat hits you.
* * * LOW HITPOINT WARNING * * *
The bat closely misses you.
You see here a bat corpse.
Are you sure you want to abandon this character and quit the game? (Confirm with "yes".)

... #............#
....########...##########
......[..(.....#
...............#
###.####.####### ###.###
#...b.# #.#)#.# .....#@#
###.###.# #.....# #######


You could see a bat.

Vanquished Creatures
  A giant cockroach (D:1)
  2 hobgoblins (D:1)
  3 bats (D:1)
  2 giant newts (D:1)
  A goblin (D:2)
  4 kobolds (D:1)
  2 rats
15 creatures vanquished.

Notes
Turn   | Place    | Note
--------------------------------------------------------------
     0 | D:1      | tidbits the Demigod Transmuter began the quest for the Orb.
     0 | D:1      | Reached XP level 1. HP: 15/15 MP: 5/5
    63 | D:1      | Reached skill level 2 in Transmutations
   110 | D:2      | Found a snail-covered altar of Cheibriados.
   171 | D:1      | HP: 1/15 [kobold/short sword of speed (2)]
   173 | D:1      | Reached skill level 3 in Unarmed Combat
   173 | D:1      | Reached XP level 2. HP: 1/22 MP: 5/7
   295 | D:1      | Quit the game

Action                   || total
-------------------------++-------
Melee: Unarmed           ||    23
       Short sword       ||    11
 Cast: Beastly Appendage ||     9
 Stab: Sleeping          ||     2

Table legend:
 A = Turns spent in this place as a percentage of turns spent in the entire game.
 B = Non-inter-level travel turns spent in this place as a percentage of non-inter-level travel turns spent in the entire game.
 C = Inter-level travel turns spent in this place as a percentage of turns spent in this place.
 D = Turns resting spent in this place as a percentage of non-inter-level travel turns spent in this place.
 E = Turns spent auto-exploring this place as a percentage of non-inter-level travel turns spent in this place.
 F = Non-inter-level travel turns spent in this place divided by the number of levels of this place that you've seen.
                   A       B       C       D       E      F
               +-------+-------+-------+-------+-------+----------------------
         Total | 100.0 | 100.0 |   0.0 |   0.0 |   0.0 | 110.5
       Dungeon | 100.0 | 100.0 |   0.0 |   0.0 |   0.0 | 110.5
               +-------+-------+-------+-------+-------+----------------------

Table legend:
 A = Kills in this place as a percentage of kills in entire the game.
 B = Kills by you in this place as a percentage of kills by you in the entire game.
 C = Kills by friends in this place as a percentage of kills by friends in the entire game.
 D = Other kills in this place as a percentage of other kills in the entire game.
 E = Experience gained in this place as a percentage of experience gained in the entire game.
 F = Experience gained in this place divided by the number of levels of this place that you have seen.
                   A       B       C       D       E      F
               +-------+-------+-------+-------+-------+----------------------
         Total | 100.0 | 100.0 |  -nan |  -nan | 100.0 |  10.5
       Dungeon | 100.0 | 100.0 |  -nan |  -nan | 100.0 |  10.5
               +-------+-------+-------+-------+-------+----------------------

Vault maps used:
D:1:      dpeg_arrival_round_c
D:2:      lemuel_round_altar, grunt_ministairs_7
